 Dungeon Crawl Stone Soup version 0.29-a0-664-gff9cad4a3d (webtiles) character file.

Game seed: 13871746682987647172

76 xian the Covered (level 4, -1/35 HPs)
             Began as a Demonspawn Fighter on June 22, 2022.
             Slain by a gnoll
             ... wielding a +0 flail
              (7 damage)
             ... on level 3 of the Dungeon.
             The game lasted 00:04:42 (2090 turns).

xian the Covered (Demonspawn Fighter)               Turns: 2090, Time: 00:04:44

Health: -1/35      AC:  9    Str: 18    XL:     4   Next: 12%
Magic:  4/4        EV:  6    Int: 10    God:
Gold:   61         SH:  5    Dex: 16    Spells: 3/3 levels left

rFire   . . .      SeeInvis .   a - +0 long sword
rCold   . . .      Faith    .   c - +0 buckler
rNeg    . . .      Spirit   .   g - +0 chain mail
rPois   .          Reflect  .   (no helmet)
rElec   .          Harm     .   (no cloak)
rCorr   .          Rampage  .   (no gloves)
Will    .....                   (no boots)
Stlth   ..........              (no amulet)
HPRegen 0.11/turn               (no ring)
MPRegen 0.09/turn               (no ring)

@: lethally poisoned (-1 -> -17)
A: thin skeletal structure 2, weakness stinger 1
a: no special abilities


You were on level 3 of the Dungeon.
You visited 1 branch of the dungeon, and saw 3 of its levels.

You collected 61 gold pieces.

Inventory:

Hand Weapons
 a - a +0 long sword (weapon)
Missiles
 l - 6 javelins (quivered)
Armour
 c - a +0 buckler (worn)
 g - a +0 chain mail (worn)
Scrolls
 h - a scroll of teleportation {unknown}
 i - a scroll of poison {unknown}
 k - a scroll of identify {unknown}
Potions
 b - a potion of degeneration {unknown}
 d - 2 potions of might
 e - 2 potions of lignification {unknown}
 f - 3 potions of heal wounds {unknown}
 j - 3 potions of curing {unknown}


   Skills:
 + Level 3.3 Fighting
 + Level 2.7 Long Blades
 + Level 3.3 Armour
 + Level 0.3 Dodging
 + Level 3.0 Shields


You had 3 spell levels left.
You didn't know any spells.
Your spell library contained the following spells:

 Spells                   Type           Power      Damage    Failure   Level
 Animate Armour           Summ/Erth      0%         N/A       100%        4
 Blade Hands              Tmut           0%         N/A       100%        5
 Iron Shot                Conj/Erth      0%         9d1       100%        6


Dungeon Overview and Level Annotations

Branches:
Dungeon (3/15)

Altars:
Gozag


Innate Abilities, Weirdness & Mutations

You have a moderately thin skeletal structure. (Dex +4, Stealth++)
You have a small tail.


Message History

A gnoll is nearby!
A gnoll comes into view. It is wielding a +0 flail.
The gnoll shouts!
You hear a shout!
The gnoll moves out of view.
You block the gnoll's attack.
You hit the gnoll but do no damage. The gnoll hits you but does no damage.
You hit the gnoll.
The gnoll is moderately wounded.
A gnoll comes into view. It is wielding a +0 club.
You closely miss the gnoll.
Your tail-slap misses the gnoll.
The gnoll hits you with a +2 flail of protection!
You block the gnoll's attack.
A gnoll comes into view. It is wielding a +0 spear of venom.
You barely miss the gnoll.
The gnoll shouts!
Your tail-slap misses the gnoll.
The gnoll barely misses you. The gnoll closely misses you.
You hit the gnoll but do no damage. You block the gnoll's attack.
The gnoll attacks as you move away! The gnoll closely misses you.
The gnoll attacks as you move away! The gnoll hits you but does no damage.
The gnoll attacks as you move away! The gnoll hits you with a +0 flail!
The gnoll attacks as you move away! The gnoll hits you but does no damage.
The gnoll attacks as you move away! The gnoll hits you but does no damage.
You see here a bat corpse.
The gnoll throws a throwing net.
The throwing net hits you.
You become entangled in the net!
You struggle against the net.
You struggle against the net.
The gnoll hits you but does no damage.
You are poisoned.
You shred the net and break free!
You feel very sick. The gnoll hits you with a +0 flail.
You block the gnoll's attack.
You barely miss the gnoll.
You feel very sick. The gnoll hits you but does no damage.
The gnoll hits you from afar with a +0 spear of venom.
* * * LOW HITPOINT WARNING * * *
You are more poisoned.
The gnoll hits you with a +0 flail!
You die...

#........... ##..........
#..........# #..........# ###
##.#........ #....#.#†.##.###
#....<.ggg##.# ..
#.....##g###.# .
......##@###.# .# # .
..............#.# #.#.# .
................###.#.#. ###
#..##....##.#.#.........#
..####..##....##.#.#.###.#.#.#
........##.......#.#.###.#.#.#
..............####.#.....#...#
#.####..##....# #...........#
#.............####.#####.#...#


You could see 4 gnolls.

Vanquished Creatures
  2 dart slugs
  5 ball pythons
  5 endoplasms
  14 giant cockroaches
  6 goblins
  2 hobgoblins
  5 jackals
  3 quokkas (D:1)
  6 bats
  2 frilled lizards
  8 kobolds
  3 rats
61 creatures vanquished.

Notes
Turn   | Place    | Note
-------+----------+-------------------------------------------
     0 | D:1      | xian the Demonspawn Fighter began the quest for the Orb.
     0 | D:1      | Reached XP level 1. HP: 18/18 MP: 1/1
   129 | D:1      | Gained mutation: You have a somewhat thin skeletal
                  | structure. (Dex +2, Stealth+) [demonic ancestry]
   129 | D:1      | Reached XP level 2. HP: 4/24 MP: 2/2
   920 | D:1      | Gained mutation: You have a moderately thin skeletal
                  | structure. (Dex +4, Stealth++) [demonic ancestry]
   920 | D:1      | Reached XP level 3. HP: 29/29 MP: 3/3
  1664 | D:2      | Found a faded altar of an unknown god.
  1810 | D:2      | Gained mutation: You have a small tail. [demonic ancestry]
  1810 | D:2      | Reached XP level 4. HP: 35/35 MP: 4/4
  1918 | D:2      | Found an opulent altar of Gozag.
  2090 | D:3      | Slain by a gnoll

Illustrated notes

Levels and vault maps discovered:
D:1:      shiori_arrival_maze, layout_basic, minmay_misc_feat_hallway,
          minmay_pentomino_v2
D:2:      minmay_roachtagon, layout_loops_cross, basic_altar,
          hellmonk_ecumenical_altar_zigzags
D:3:      layout_basic, demons_altar, lemuel_round_altar,
          ebering_ghost_disaster_area, uniq_natasha

Skill      XL: |  1  2  3 |
---------------+----------+-----
Long Blades    | 2 |  2.7
Armour         | 3 |  3.3
Shields        | 3 |  3.0
Fighting       | |  3.3
Dodging        | |  0.3

Action                   |  1- 3 |  4- 6 || total
-------------------------+-------+-------++-------
Melee: Long sword        |   151 |    24 ||   175
       Tailslap          |       |     1 ||     1
Throw: Javelin           |     1 |       ||     1
Armor: Scale mail        |    36 |       ||    36
       Chain mail        |   131 |    17 ||   148
Dodge: Dodged            |    77 |    13 ||    90
Block: Buckler           |    62 |    11 ||    73

Table legend: (Time is in decaauts)
 A = Elapsed time spent in this place.
 B = Non-inter-level travel time spent in this place.
 C = Inter-level travel time spent in this place.
 D = Time resting spent in this place.
 E = Time spent auto-exploring this place.
 F = Levels seen in this place.
 G = Mean time per level.
                   A        B        C        D        E       F      G
               +--------+--------+--------+--------+--------+-----+--------+
         Total |   2147 |   2124 |     23 |      9 |   1529 |   3 |  715.7 |
       Dungeon |   2147 |   2124 |     23 |      9 |   1529 |   3 |  715.7 |
               +--------+--------+--------+--------+--------+-----+--------+

Top non-repeatable levels by time:
     D:1: 1156 daAuts
     D:2: 879 daAuts
     D:3: 111 daAuts
